Map: Polka LE

Players

crazysheep

  • Race: Protoss Protoss
  • League: Silver
  • Spawn Location: 5:00

Tito

  • Race: Protoss Protoss
  • Spawn Location: 5:00

Massa - Winner!

  • Race: Terran Terran
  • League: Platinum
  • Spawn Location: 11:00

qqq - Winner!

  • Race: Zerg Zerg
  • Spawn Location: 11:00

VOD

Have the link to the VOD?

Description

Time

  • Played on: Oct. 4, 2020, 10:04 a.m.
  • Length: 5:34
Show
View Real Time Build Order
Export as new Build Order

crazysheep Protoss 

Build Orders:  

Get SALT Encoding   

  12  0:01  Probe  
  13  0:17  Probe, Pylon  
  14  0:30  Probe  
  15  0:40  Gateway  
  15  0:42  Probe (Chrono Boost)  
  16  0:54  Probe (Chrono Boost)  
  17  1:01  Assimilator  
  17  1:12  Probe (Chrono Boost)  
  18  1:25  Probe (Chrono Boost)  
  19  1:36  Zealot, Cybernetics Core  
  19  1:39  Probe  
  22  1:42  Assimilator  
  22  1:51  Probe  
  23  1:56  Pylon  
  23  2:14  Probe  
  24  2:27  Probe  
  25  2:31  Stalker  
  25  2:34  Warp Gate (Chrono Boost)  
  27  2:55  Probe  
  28  3:01  Stalker  
  28  3:04  Gateway, Nexus  
  30  3:06  Pylon  
  30  3:07  Probe  
  31  3:25  Probe (Chrono Boost)  
  31  3:26  Pylon  
  32  3:31  Stalker  
  32  3:32  Probe (Chrono Boost)  
  35  3:38  Forge  
  35  3:39  Probe  
  36  3:51  Probe, Stalker  
  39  4:01  Stalker  
  41  4:04  Stargate  
  41  4:22  Probe (Chrono Boost)  
  43  4:32  Probe (Chrono Boost)  
  43  4:35  Stalker  
  43  4:37  Probe (Chrono Boost)  
  29  4:51  Stalker  
  28  5:01  Probe (Chrono Boost)  
  27  5:11  Probe (Chrono Boost)  
  14  5:16  Probe (Chrono Boost)  
Show
View Real Time Build Order
Export as new Build Order

Tito Protoss 

Build Orders: 1 Gate Expand, Double Forge 

Get SALT Encoding   

  12  0:00  Probe  
  13  0:12  Probe  
  14  0:18  Pylon  
  14  0:24  Probe (Chrono Boost)  
  15  0:36  Probe (Chrono Boost)  
  15  0:41  Gateway  
  16  0:45  Probe (Chrono Boost)  
  17  0:51  Probe, Assimilator  
  18  1:03  Probe  
  19  1:15  Probe  
  20  1:27  Nexus  
  20  1:28  Probe  
  21  1:37  Cybernetics Core  
  21  1:41  Probe  
  22  1:47  Pylon  
  22  1:53  Probe  
  23  2:05  Probe  
  24  2:14  Adept (Chrono Boost)  
  24  2:17  Probe  
  27  2:26  Assimilator  
  27  2:29  Probe, Warp Gate  
  27  2:41  Probe  
  28  2:46  Probe  
  29  2:53  Probe  
  30  2:58  Probe  
  31  3:06  Probe  
  31  3:10  Probe  
  33  3:19  Probe  
  34  3:23  Probe  
  34  3:26  Twilight Council, Pylon  
  35  3:29  Pylon  
  35  3:31  Probe  
  35  3:33  Forge  
  36  3:34  Forge  
  36  3:35  Probe  
  37  3:43  Assimilator  
  37  3:44  Probe (Chrono Boost)  
  37  3:47  Probe (Chrono Boost)  
  37  3:48  Assimilator  
  40  3:56  Probe (Chrono Boost)  
  40  3:57  Probe (Chrono Boost), Gateway x2  
  40  4:00  Probe (Chrono Boost)  
  40  4:02  Probe (Chrono Boost)  
  43  4:10  Shield Battery  
  43  4:12  Shield Battery  
  43  4:13  Shield Battery  
  43  4:14  Pylon  
  43  4:15  Shield Battery  
  41  4:21  Stalker  
  41  4:23  Gateway  
  43  4:30  Pylon  
  43  4:45  Stalker  
  43  4:53  Zealot x2  
  43  4:57  Photon Cannon  
  44  5:00  Photon Cannon  
  44  5:15  Zealot x2  
Show
View Real Time Build Order
Export as new Build Order

Massa Terran - Winner!

Build Orders: Gas First Reaper Expand 

Get SALT Encoding   

  12  0:00  SCV  
  13  0:13  SCV  
  14  0:24  Supply Depot  
  14  0:25  SCV  
  15  0:32  Refinery  
  15  0:46  SCV, Barracks  
  16  0:58  SCV  
  17  1:10  SCV  
  18  1:16  Barracks  
  18  1:22  SCV  
  19  1:34  Reaper  
  20  1:46  Orbital Command  
  20  1:59  Command Center  
  20  2:06  Barracks Tech Lab, Marine  
  21  2:24  Supply Depot  
  21  2:31  SCV  
  21  2:32  Barracks Reactor  
  22  2:43  SCV, Supply Depot  
  23  2:46  Marauder  
  25  2:51  Factory  
  25  3:03  Barracks  
  25  3:09  Stimpack  
  25  3:10  Marine x2  
  27  3:13  Marine  
  27  3:20  Orbital Command  
  27  3:22  SCV  
  28  3:28  Marine x2  
  28  3:32  Marauder  
  32  3:36  Hellion  
  34  3:46  Marine x2  
  34  3:47  SCV x2  
  38  3:51  Marine  
  38  3:55  Marauder  
  41  4:03  Marine  
  41  4:08  SCV x2  
  41  4:09  Marine  
  45  4:11  Hellion  
  47  4:18  Marine  
  47  4:20  SCV x2  
  47  4:21  Marine  
  51  4:32  SCV, Hellion  
  54  4:46  Marine x2, Supply Depot  
  54  4:51  Supply Depot  
  54  5:07  Marine x2  
  54  5:08  Marauder  
Show
View Real Time Build Order
Export as new Build Order

qqq Zerg - Winner!

Build Orders: Hatch First 

Get SALT Encoding   

  12  0:01  Drone  
  13  0:08  Drone  
  14  0:38  Hatchery, Drone  
  14  0:54  Spawning Pool  
  13  1:02  Overlord  
  13  1:05  Drone  
  14  1:12  Extractor  
  14  1:13  Drone  
  14  1:23  Drone  
  15  1:29  Drone  
  16  1:35  Drone  
  17  1:48  Queen  
  17  1:50  Drone  
  17  1:52  Drone  
  21  1:58  Queen  
  23  2:03  Drone  
  23  2:07  Drone  
  25  2:24  Zergling x4  
  25  2:26  Overlord  
  27  2:33  Zergling x2  
  27  2:37  Overlord  
  28  2:41  Overlord  
  28  2:45  Metabolic Boost  
  28  2:47  Zergling x2  
  28  2:50  Drone  
  29  2:53  Zergling x2  
  30  3:00  Drone  
  30  3:04  Zergling x2  
  32  3:06  Zergling x2  
  32  3:07  Zergling x2  
  32  3:10  Zergling x2  
  35  3:14  Zergling x2  
  35  3:16  Zergling x2  
  35  3:19  Zergling x2  
  38  3:20  Zergling x2  
  38  3:23  Zergling x2  
  40  3:29  Zergling x2  
  40  3:32  Zergling x2  
  42  3:37  Zergling x4  
  42  3:38  Zergling x2  
  45  3:43  Zergling x2  
  45  3:45  Zergling x2  
  47  3:52  Zergling x2  
  47  3:53  Zergling x2  
  49  4:05  Zergling x6  
  52  4:15  Overlord x3  
  51  4:23  Lair  
  49  4:39  Drone x3  
  49  4:40  Drone x3  
  53  5:03  Zergling x6  
  53  5:04  Drone x3, Zergling x2  
  53  5:05  Drone x3  
Tags
 
Add a new tag
Caveats
  • Supply blocks, unpowered buildings, or Contaminate may cause inaccurate times.
  • Supply counts are checked every 10 seconds.